 Dungeon Crawl Stone Soup version 0.31-a0-819-gf6de2f5ab6 (webtiles) character file.

Game seed: 7143914367977509655

394 qw the Shooter (level 6, -1/38 HPs)
             Began as a Gargoyle Hunter on Sept 23, 2023.
             Slain by a gnoll
             ... wielding a +0 halberd
             ... led by a gnoll bouda
              (9 damage)
             ... on level 5 of the Dungeon.
             The game lasted 00:00:54 (3049 turns).

qw the Shooter (Gargoyle Hunter)                    Turns: 3049, Time: 00:00:55

Health: -1/38      AC: 11    Str: 17    XL:     6   Next: 81%
Magic:  6/6        EV: 11    Int: 10    God:
Gold:   144        SH:  5    Dex: 15    Spells: 5/5 levels left

rFire   . . .        Y - +0 arbalest
rCold   . . .        (shield currently unavailable)
rNeg    + . .        c - +0 leather armour
rPois   inf          (no helmet)
rElec   +            (no cloak)
rCorr   .            b - +2 pair of gloves {Str+3}
SInv    .            d - +0 pair of boots
Will    .....        i - amulet of reflection
Stlth   ++           (no ring)
HPRegen 0.26/turn    (no ring)
MPRegen 0.10/turn

%: reflection
@: no status effects
A: sickness immunity, AC +4, negative energy resistance 1, electricity
resistance, torment resistance 1, petrification resistance
a: no special abilities


You were on level 5 of the Dungeon.
You visited 1 branch of the dungeon, and saw 5 of its levels.

You collected 206 gold pieces.
You spent 62 gold pieces at shops.


Innate Abilities, Weirdness & Mutations

You are immune to sickness and miasma.
Your stone body is resilient. (AC +4)
You are immune to poison.
You resist negative energy. (rN+)
You are resistant to electric shocks. (rElec)
You are resistant to unholy torment.
You are immune to petrification.


   Skills:
 - Level 4.2 Fighting
 + Level 6.9 Ranged Weapons
 - Level 1.3 Armour
 - Level 1.5 Dodging
 - Level 1.1 Stealth


You had 5 spell levels left.
You didn't know any spells.
Your spell library was empty.

Inventory:

Hand Weapons
 Y - a +0 arbalest (weapon)
Armour
 b - a +2 pair of gloves of strength (worn)
 c - a +0 leather armour (worn)
 d - a +0 pair of boots (worn)
Jewellery
 a - a +4 ring of protection
 i - an amulet of reflection (around neck)
Scrolls
 g - 2 scrolls of identify
Potions
 f - a potion of heal wounds {unknown}
 j - 2 potions of curing
 k - a potion of ambrosia {unknown}
 n - a potion of attraction {unknown}

Dungeon Overview and Level Annotations

Branches:
Dungeon (5/15)
 Temple: D:4-7

Altars:
Elyvilon
Ru

Shops:
D:1 =   D:3 *


Message History

The gnoll hits you from afar with a +0 halberd.
The gnoll closely misses you.
The adder moves out of view.
You shoot a bolt. The bolt hits the gnoll!
The gnoll is severely wounded.
The gnoll barely misses you. You block the gnoll's attack.
The gnoll misses you.
You shoot a bolt. The bolt hits the gnoll!
You kill the gnoll!
The gnoll barely misses you. You block the adder's attack.
The gnoll hits you but does no damage.
You shoot a bolt. The bolt barely misses the adder.
The adder misses you. The adder closely misses you.
You block the gnoll's attack.
You shoot a bolt. The bolt hits the adder.
The adder is heavily wounded.
The adder barely misses you. The gnoll barely misses you.
You block the adder's attack. The gnoll hits you but does no damage.
You shoot a bolt. The bolt barely misses the adder.
The adder bites you but does no damage. x2
The gnoll hits you but does no damage.
You shoot a bolt. The bolt closely misses the adder.
You block the adder's attack. The gnoll hits you but does no damage.
You block the adder's attack.
The gnoll hits you from afar with a +0 halberd.
The adder closely misses you.
You shoot a bolt. The bolt hits the adder!!
You kill the adder!
The gnoll hits you from afar with a +0 halberd.
The gnoll hits you but does no damage. You block the gnoll's attack.
You shoot a bolt. The bolt completely misses the gnoll.
You block the gnoll's attack. x2
You shoot a bolt. The bolt closely misses the gnoll.
You block the gnoll's attack. The gnoll misses you.
The gnoll closely misses you. The gnoll hits you but does no damage.
You shoot a bolt. The bolt hits the gnoll!!
You kill the gnoll!
The gnoll closely misses you.
You shoot a bolt. The bolt barely misses the gnoll.
The gnoll hits you from afar with a +0 halberd.
The gnoll hits you from afar with a +0 halberd!
You die...

#......g.# #......g.
#....... #......
#..... ..g. ##)#####
#..@...# #......#
#......# #......#
#......#
#......##########
#.......#.......####
#.......'...........
#.......#...........


You could see a gnoll.

Vanquished Creatures
  A hound (D:5)
  2 gnoll boudas
  A sleepcap (D:4)
  An iguana (D:4)
  15 gnolls
  5 adders
  A worm (D:3)
  2 dart slugs
  3 orcs (D:4)
  4 endoplasms
  A giant cockroach (D:4)
  10 goblins
  3 hobgoblins
  3 jackals (D:4)
  2 quokkas
  A ball python (D:1)
  A frilled lizard (D:1)
  3 kobolds
  7 rats
66 creatures vanquished.

Notes
Turn   | Place    | Note
-------+----------+-------------------------------------------
     0 | D:1      | qw the Gargoyle Hunter began the quest for the Orb.
     0 | D:1      | Reached XP level 1. HP: 12/12 MP: 1/1
     0 | D:1      | 0 ||| qw: Version: 0.3-a-83-gcd0e7d8
     0 | D:1      | 0 ||| qw: Game counter: 1555
     0 | D:1      | 0 ||| qw: Melee chars always use a shield: true
     0 | D:1      | 0 ||| qw: God list: Okawaru
     0 | D:1      | 0 ||| qw: Allow faded altars: false
     0 | D:1      | 0 ||| qw: Do Orc after clearing Dungeon:15 true
     0 | D:1      | 0 ||| qw: Do second Lair branch before Depths: true
     0 | D:1      | 0 ||| qw: Lair rune preference: random
     0 | D:1      | 0 ||| qw: Goals: Normal
     0 | D:1      | 0 ||| PLANNING D:1-11
   157 | D:1      | 157 ||| SWAPPING to +0 arbalest.
   174 | D:1      | 174 ||| DROPPING +0 shortbow.
   244 | D:1      | Found Ibbucsei's Jewellery Shoppe.
   251 | D:1      | 251 ||| SHOPLISTING +4 ring of protection (396 gold, have
                  | 9).
   251 | D:1      | 251 ||| SHOPLISTING +5 ring of evasion (396 gold, have 9).
   251 | D:1      | 251 ||| SHOPLISTING amulet of faith (440 gold, have 9).
   251 | D:1      | 251 ||| SHOPLISTING amulet of the acrobat (330 gold, have
                  | 9).
   251 | D:1      | 251 ||| SHOPLISTING ring of ice (275 gold, have 9).
   251 | D:1      | 251 ||| SHOPLISTING ring of willpower (275 gold, have 9).
   307 | D:1      | Reached XP level 2. HP: 17/17 MP: 2/2
   650 | D:1      | 650 ||| UPGRADING to +0 pair of boots.
   655 | D:1      | 655 ||| DROPPING scarf of invisibility.
   656 | D:1      | 656 ||| UPGRADING to amulet of reflection.
   661 | D:1      | 661 ||| READING scroll labelled FAIRGH RYOSUEFI.
   662 | D:1      | 662 ||| READING scroll labelled RUBLYP OM DUO.
   663 | D:1      | 663 ||| READING 2 scrolls labelled MOPLEN GOSORIT.
   664 | D:1      | 664 ||| DRINKING 2 pink potions.
   665 | D:1      | 665 ||| DROPPING scroll of butterflies.
  1477 | D:2      | 1477 ||| UPGRADING to +2 pair of gloves of strength.
  1482 | D:2      | 1482 ||| READING scroll labelled GALIMI FECSIORGH.
  1527 | D:3      | 1527 ||| Stepping ~*~*~tactically~*~*~ (water).
  1531 | D:3      | Reached XP level 3. HP: 21/21 MP: 3/3
  1596 | D:3      | Found Mexyaxo's Assorted Antiques.
  1600 | D:3      | 1600 ||| SHOPLISTING +8 storm bow {elec, penet} (2085 gold,
                  | have 77).
  1600 | D:3      | 1600 ||| SHOPLISTING cloak (148 gold, have 77).
  1600 | D:3      | 1600 ||| SHOPLISTING potion of curing (99 gold, have 77).
  1600 | D:3      | 1600 ||| BUYING red potion (29 gold).
  1600 | D:3      | Bought a red potion for 29 gold pieces
  1600 | D:3      | 1600 ||| BUYING scroll labelled ELERICH ITIR (33 gold).
  1600 | D:3      | Bought a scroll labelled ELERICH ITIR for 33 gold pieces
  1600 | D:3      | 1600 ||| SHOPLISTING scroll labelled NEEMIY NAOHARE (33
                  | gold, have 15).
  1600 | D:3      | 1600 ||| SHOPLISTING scroll of identify (66 gold, have 15).
  1610 | D:3      | Reached skill level 5 in Ranged Weapons
  1615 | D:3      | Reached skill level 3 in Fighting
  1615 | D:3      | Reached XP level 4. HP: 17/28 MP: 4/4
  1619 | D:3      | Reached skill level 1 in Armour
  1707 | D:3      | Reached XP level 5. HP: 29/32 MP: 5/5
  2000 | D:3      | Found a faded altar of an unknown god.
  2112 | D:3      | 2112 ||| READING scroll labelled ELERICH ITIR.
  2174 | D:4      | Reached skill level 6 in Ranged Weapons
  2307 | D:4      | Found a white marble altar of Elyvilon.
  2376 | D:4      | Found a sacrificial altar of Ru.
  2535 | D:4      | Reached XP level 6. HP: 38/38 MP: 6/6
  2815 | D:4      | 2815 ||| READING scroll labelled KAL DASAIRR.
  2843 | D:4      | 2843 ||| READING scroll labelled NEEMIY NAOHARE.
  2844 | D:4      | 2844 ||| READING scroll labelled ZOOSCH WIACW.
  2845 | D:4      | 2845 ||| READING scroll labelled CAUDGH XYKKOTA.
  2846 | D:4      | 2846 ||| DRINKING 2 blue potions.
  2847 | D:4      | 2847 ||| READING 2 scrolls of identify.
  2847 | D:4      | 2847 ||| IDENTIFYING red potion
  2848 | D:4      | 2848 ||| DROPPING potion of degeneration.
  2849 | D:4      | 2849 ||| DROPPING potion of magic.
  2877 | D:5      | Entered Level 5 of the Dungeon
  3030 | D:5      | 3030 ||| Stepping ~*~*~tactically~*~*~ (retreating).
  3038 | D:5      | HP: 9/38 [gnoll/+0 halberd[a gnoll bouda] (5)]
  3044 | D:5      | HP: 9/38 [gnoll/+0 halberd[a gnoll bouda] (3)]
  3049 | D:5      | HP: 8/38 [gnoll/+0 halberd[a gnoll bouda] (2)]
  3049 | D:5      | Slain by a gnoll

Levels and vault maps discovered:
D:1:      lemuel_arrival_room, layout_basic, serial_shops, nicolae_shop_trees,
          dreamdust_princess_corridor
D:2:      layout_basic
D:3:      layout_rooms, serial_shops, shop, chequers_ecumenical_altar_lobes,
          serial_bayou_lake_a
D:4:      layout_gridville, mainiacjoe_overflow_alcove_2, elyvilon_altar_1,
          nicolae_the_louvre
D:5:      layout_gridville, serial_shops, nicolae_shop_stone,
          minmay_crystal_room

Skill      XL: |  1  2  3  4  5 |
---------------+----------------+-----
Ranged Weapons | 5 6 |  6.9
Fighting       | 3 4 |  4.2
Armour         | 1 |  1.3
Dodging        | |  1.5
Stealth        | |  1.1

Action                     |  1- 3 |  4- 6 || total
---------------------------+-------+-------++-------
   Fire: Arbalest          |    43 |   114 ||   157
         Shortbow          |     3 |       ||     3
    Use: Scroll            |     4 |     6 ||    10
         Potion            |     1 |     1 ||     2
 Armour: Leather armour    |    16 |    46 ||    62
  Dodge: Dodged            |    13 |    47 ||    60
  Block: Other             |     3 |    22 ||    25

Table legend:
 A = Non-vault XP
 B = Vault XP
 C = Vault XP percentage of total XP
 D = Non-vault monster count
 E = Vault monster count
 F = Vault count percentage of total count
                 A         B        C        D         E       F
            +---------+---------+-------+---------+---------+-------
      Total |     563 |       0 |   0.0 |      66 |       0 |   0.0
            +---------+---------+-------+---------+---------+-------
        D:1 |      22 |       0 |   0.0 |      14 |       0 |   0.0
        D:2 |      10 |       0 |   0.0 |       4 |       0 |   0.0
        D:3 |     148 |       0 |   0.0 |      17 |       0 |   0.0
        D:4 |     216 |       0 |   0.0 |      23 |       0 |   0.0
        D:5 |     167 |       0 |   0.0 |       8 |       0 |   0.0
            +---------+---------+-------+---------+---------+-------
